AoeStats
← Exist2Destroy

Arena

507624580Analyzed
4v4 RM · 14d ago on Sep 19, 2026· 36m 52s· 8 players
Game mode
Random Map
Map size
Large (8 player)
Population
200
Speed
Normal
Resources
Standard
Victory
Conquest
Starting age
Dark Age
Ending age
Imperial Age
RankedLock teamsTeams togetherTeam positionsShared explorationLock speedFull tech treeHidden civsTurbo modeCheats
Victory
Defeat
🇺🇸 Hindustanis · United States
1459
+13
🇺🇾 Britons · Uruguay
1405
+15
🇺🇸 Burmese · United States
1325
+19
🇺🇸 Burgundians · United States
1394
-16
🇩🇪 Maya · Germany
1380
-15
1380
-15
🇺🇸 Britons · United States
1377
-15
frivolous spender
9:53 Feudal Age
14:06 Castle Age
12:28 Double-Bit Axe
12:30 Horse Collar
16:17 Bow Saw
21:35 Gold Mining
22:25 Heavy Plow
23:47 Wheelbarrow
24:11 Stone Mining
26:08 Hand Cart
29:39 Imperial Age
27:49 Fletching
27:52 Loom
29:31 Gold Shaft Mining
29:14 Bodkin Arrow
29:29 Padded Archer Armor
30:02 Elite Longbowman
30:44 Bracer
33:12 Ballistics
37:05 Chemistry
36:45 Leather Archer Armor
Chase_The_Dragon
10:21 Feudal Age
12:20 Double-Bit Axe
12:31 Horse Collar
13:15 Loom
14:28 Bow Saw
15:56 Wheelbarrow
17:17 Heavy Plow
19:28 Castle Age
20:05 Hand Cart
26:21 Stone Mining
26:24 Gold Mining
27:51 Stone Shaft Mining
32:32 Imperial Age
30:40 Scale Mail Armor
30:50 Forging
31:24 Gold Shaft Mining
30:54 Murder Holes
31:09 Masonry
32:04 Chain Mail Armor
31:51 Squires
31:37 Arson
32:30 Ballistics
32:54 Iron Casting
32:47 Burgundian Vineyards
33:27 Crop Rotation
33:59 Two-Man Saw
33:43 Plate Mail Armor
33:04 Flemish Revolution
35:28 Blast Furnace
斷頭將軍拒當逃兵
0:26 Loom
10:26 Feudal Age
15:35 Castle Age
13:56 Double-Bit Axe
14:47 Horse Collar
19:32 Forging
19:27 Scale Barding Armor
21:20 Bloodlines
25:02 Bow Saw
29:10 Chain Barding Armor
29:03 Heavy Plow
30:11 Stone Mining
30:19 Gold Mining
34:45 Imperial Age
35:56 Elite War Elephant
36:56 Conscription
Exist2Destroy
10:28 Feudal Age
10:21 Loom
12:19 Horse Collar
12:25 Double-Bit Axe
17:48 Fletching
22:59 Castle Age
21:05 Fletching
24:01 Bow Saw
23:15 Crossbowman
24:00 Thumb Ring
24:42 Gold Mining
25:03 Bodkin Arrow
25:08 Padded Archer Armor
25:34 Bodkin Arrow
25:39 Padded Archer Armor
25:59 Crossbowman
27:37 Wheelbarrow
29:52 Leather Archer Armor
35:35 Sanctity
machpatel
10:28 Feudal Age
14:18 Castle Age
14:11 Double-Bit Axe
14:07 Horse Collar
15:41 Bow Saw
16:50 Wheelbarrow
17:45 Heavy Plow
24:26 Hand Cart
27:57 Imperial Age
26:22 Scale Barding Armor
26:28 Forging
26:35 Bloodlines
27:24 Husbandry
28:16 Chain Barding Armor
28:04 Heavy Camel Rider
29:21 Iron Casting
29:43 Plate Barding Armor
31:30 Blast Furnace
29:58 Imperial Camel Rider
32:57 Two-Man Saw
32:33 Gold Mining
32:47 Grand Trunk Road
33:07 Conscription
32:53 Loom
I ONLY MAKE SIEGE TOWERS
11:10 Feudal Age
14:49 Castle Age
12:41 Horse Collar
17:31 Forging
18:43 Loom
23:25 Wheelbarrow
24:18 Gold Mining
24:19 Stone Mining
27:30 Hand Cart
29:54 Imperial Age
27:09 Town Watch
27:10 Loom
27:36 Scale Barding Armor
27:47 Stone Mining
30:17 Elite Battle Elephant
30:51 Fletching
31:26 Chain Barding Armor
31:41 Iron Casting
31:35 Pikeman
32:00 Gambesons
32:01 Arson
32:17 Scale Mail Armor
32:52 Iron Casting
33:26 Plate Barding Armor
32:59 Howdah
33:21 Conscription
34:31 Bloodlines
35:10 Husbandry
38:28 Blast Furnace
软脚虾5号(p6有机会获得妙卡奶牛)
6:12 Loom
8:37 Feudal Age
11:39 Fletching
13:05 Double-Bit Axe
15:40 Horse Collar
21:45 Castle Age
19:55 Gold Mining
20:14 Stone Mining
20:50 Town Watch
22:22 Bodkin Arrow
23:08 Bow Saw
24:34 Heavy Plow
26:15 Ballistics
29:45 Gold Shaft Mining
29:52 Wheelbarrow
33:42 Imperial Age
32:21 Hand Cart
32:33 Eupseong
36:02 Two-Man Saw
35:41 Bracer
35:48 Thumb Ring
37:10 Chemistry
35:56 Arrowslits
36:55 Squires
36:57 Scale Mail Armor
37:07 Forging
Peruano de élite
9:40 Feudal Age
13:33 Castle Age
13:06 Town Watch
13:16 Double-Bit Axe
13:12 Horse Collar
17:47 Loom
19:36 Wheelbarrow
21:57 Bow Saw
23:20 Stone Mining
28:04 Imperial Age
25:36 Fletching
26:02 Gold Mining
27:17 Hand Cart
27:11 Bodkin Arrow
27:18 Padded Archer Armor
27:59 Ballistics
29:09 Conscription
28:54 Bracer
30:13 Elite Longbowman
31:09 Leather Archer Armor
31:55 Chemistry
32:29 Ring Archer Armor
32:38 Hoardings
Connection lost

Rejoining the realm…

Still unreachable

The connection could not be restored.

Session expired

The server has moved on; the page needs a fresh start.